 Dungeon Crawl Stone Soup version 0.25-a0-589-g1e14c549ee (webtiles) character file.

Game seed: 4103986976936817184, levelgen mode: deterministic

155 Lentor the Skirmisher (level 5, -11/42 HPs)
             Began as a Demonspawn Fighter on Mar 9, 2020.
             Blown up by Ijyb (15 damage)
             ... with a disintegration bolt
             ... on level 3 of the Dungeon.
             The game lasted 00:04:34 (2389 turns).

Lentor the Skirmisher (Demonspawn Fighter)          Turns: 2389, Time: 00:04:34

Health: -11/42     AC:  8    Str: 17    XL:     5   Next: 14%
Magic:  5/5        EV:  7    Int:  9    God:
Gold:   179        SH:  9    Dex: 13    Spells: 4/4 levels left

rFire    . . .     SeeInvis .   a - +0 war axe
rCold    . . .     Gourm    .   c - +0 kite shield
rNeg     . . .     Faith    .   b - +0 scale mail
rPois    .         Spirit   .   (helmet restricted)
rElec    .         Reflect  .   (no cloak)
rCorr    .         Harm     .   (no gloves)
MR       .....                  (no boots)
Stlth    ..........             (no amulet)
HPRegen  0.14/turn              (no ring)
MPRegen  0.09/turn              (no ring)

@: no status effects
A: antennae 1, icy blue scales 1, powered by pain 2
a: no special abilities


You were on level 3 of the Dungeon.
You were not hungry.

You visited 1 branch of the dungeon, and saw 3 of its levels.

You collected 179 gold pieces.

Inventory:

Hand Weapons
 a - a +0 war axe (weapon)
Armour
 b - a +0 scale mail (worn)
 c - a +0 kite shield (worn)
Jewellery
 l - an uncursed ring of stealth {unknown}
Scrolls
 g - 7 scrolls of identify {unknown}
 i - a scroll of amnesia {unknown}
 n - a scroll of remove curse {unknown}
Potions
 d - a potion of might
 e - a potion of resistance {unknown}
 h - a potion of stabbing {unknown}
 j - 2 potions of curing {unknown}
 k - a potion of heal wounds {unknown}
 m - a potion of haste {unknown}
 o - a potion of degeneration {unknown}
Comestibles
 f - 6 rations


   Skills:
 + Level 3.9 Fighting
 * Level 3.6 Axes
 - Level 3.2 Armour
 - Level 3.0 Shields


You had 4 spell levels left.
You didn't know any spells.
Your spell library contained the following spells:

 Spells                   Type           Power        Failure   Level  Hunger
 Magic Dart               Conj           #...         99%         1    ##.....
 Blink                    Tloc           N/A          100%        2    ###....
 Call Imp                 Summ           #.......     100%        2    ###....
 Slow                     Hex            #.......     100%        2    ###....
 Conjure Flame            Conj/Fire      #.......     100%        3    ####...
 Mephitic Cloud           Conj/Pois/Air  #.......     100%        3    ####...


Dungeon Overview and Level Annotations

Branches:
Dungeon (3/15)

Altars:
Ashenzari
Fedhas
Hepliaklqana
Okawaru
Uskayaw
Xom
The Shining One

Annotations:
D:3 Ijyb


Innate Abilities, Weirdness & Mutations

You have a pair of small antennae on your head.
You are partially covered in icy blue scales. (AC +2)
You sometimes gain power by taking damage.


Message History

Ijyb the Twisted Goblin comes into view.
She is wielding a +0 club and carrying a wand of disintegration (10).
Ijyb shouts!
Ijyb zaps a wand.
You are blasted!
Found 14 gold pieces and a leather armour.
You are too injured to fight recklessly!
Ijyb zaps a wand.
You are blasted!
* * * LOW HITPOINT WARNING * * *
Found a peridot ring.
You block Ijyb's attack.
You see here 14 gold pieces.
You hit Ijyb.
Ijyb is lightly wounded.
Ijyb hits you but does no damage.
Your shield prevents you from hitting Ijyb.
Ijyb is lightly wounded.
You block Ijyb's attack.
You barely miss Ijyb.
Ijyb is lightly wounded.
Ijyb hits you but does no damage.
Ijyb zaps a wand.
You are blasted!
You die...

####
##############
#...
#...†........#
#.##
#.##########.#
####.# #.# #@#
#....## #.#
#g# #.###..
#.# #.#
#######.###..
#.# #..
.............
#.# ...
###.#........
#####.#####.
##[.
...#.##.#....
#(..(........
=#
#...........
#.###.#####.#
..
......#####..
#.# #.#
###...####...


You could see Ijyb.

Vanquished Creatures
  6 adders
  5 worms
  5 dart slugs
  7 leopard geckos
  A ball python (D:3)
  2 giant cockroaches (D:3)
  5 goblins
  11 hobgoblins
  3 jackals (D:3)
  3 quokkas
  8 bats
  3 frilled lizards (D:3)
  5 kobolds
  4 rats (D:2)
68 creatures vanquished.

Notes
Turn   | Place    | Note
-------+----------+-------------------------------------------
     0 | D:1      | Lentor the Demonspawn Fighter began the quest for the Orb.
     0 | D:1      | Reached XP level 1. HP: 18/18 MP: 1/1
   302 | D:1      | Gained mutation: You have a pair of small antennae on your
                  | head. [demonic ancestry]
   302 | D:1      | Reached XP level 2. HP: 24/24 MP: 2/2
   671 | D:2      | Gained mutation: You sometimes gain a little power by
                  | taking damage. [demonic ancestry]
   671 | D:2      | Reached XP level 3. HP: 26/29 MP: 3/3
   673 | D:2      | Found an iron altar of Okawaru.
   673 | D:2      | Found a glowing golden altar of the Shining One.
  1046 | D:2      | Found a hide-covered altar of Uskayaw.
  1047 | D:2      | Found a blossoming altar of Fedhas.
  1052 | D:2      | Found a shimmering altar of Xom.
  1061 | D:2      | Found a shattered altar of Ashenzari.
  1360 | D:2      | Found a hazy altar of Hepliaklqana.
  1370 | D:2      | Gained mutation: You sometimes gain power by taking damage.
                  | [demonic ancestry]
  1370 | D:2      | Reached XP level 4. HP: 33/35 MP: 4/4
  2271 | D:3      | Gained mutation: You are partially covered in icy blue
                  | scales. (AC +2) [demonic ancestry]
  2271 | D:3      | Reached XP level 5. HP: 40/42 MP: 5/5
  2384 | D:3      | Noticed Ijyb
  2389 | D:3      | Blown up by Ijyb

Levels and vault maps discovered:
D:1:      dpeg_arrival_central, layout_basic
D:2:      layout_rooms, grunt_temple_overflow_open,
          chequers_serial_rivers_large_b
D:3:      layout_loops_ring, uniq_ijyb

Skill      XL: |  1  2  3  4 |
---------------+-------------+-----
Armour         | 3 |  3.2
Shields        | 3 |  3.0
Axes           | 2 3 |  3.6
Fighting       | |  3.9

Action                   |  1- 3 |  4- 6 || total
-------------------------+-------+-------++-------
Melee: War axe           |   121 |   135 ||   256
  Eat: Chunk             |     2 |     3 ||     5
Armor: Scale mail        |    51 |    62 ||   113
Dodge: Dodged            |    32 |    50 ||    82
Block: Kite shield       |    52 |    68 ||   120

Table legend:
 A = Non-vault XP
 B = Vault XP
 C = Vault XP percentage of total XP
 D = Non-vault monster count
 E = Vault monster count
 F = Vault count percentage of total count
                 A         B        C        D         E       F
            +---------+---------+-------+---------+---------+-------
      Total |     222 |       0 |   0.0 |      68 |       0 |   0.0
            +---------+---------+-------+---------+---------+-------
        D:1 |      36 |       0 |   0.0 |      15 |       0 |   0.0
        D:2 |      70 |       0 |   0.0 |      25 |       0 |   0.0
        D:3 |     116 |       0 |   0.0 |      28 |       0 |   0.0
            +---------+---------+-------+---------+---------+-------
